 Dungeon Crawl Stone Soup version 0.23-a0-484-g29ba69c (webtiles) character file.

145 tsujin the Insei (level 5, -8/40 HPs)
             Began as a Draconian Transmuter on Dec 1, 2018.
             Killed from afar by a gnoll (12 damage)
             ... with a wand of acid (10)
             ... on level 3 of the Dungeon.
             The game lasted 00:06:20 (3398 turns).

tsujin the Insei (Draconian Transmuter)             Turns: 3398, Time: 00:06:21

Health: -8/40      AC:  1    Str: 12    XL:     5   Next: 6%
Magic:  7/8        EV: 12    Int: 14    God:
Gold:   84         SH:  0    Dex: 12    Spells: 5/8 levels left

rFire    . . .     SeeInvis .     - Unarmed
rCold    . . .     Gourm    .   (no shield)
rNeg     . . .     Faith    .   (armour unavailable)
rPois    .         Spirit   .   (helmet restricted)
rElec    .         Reflect  .   k - scarf {repulsion}
rCorr    .         Harm     .   (no gloves)
MR       .....                  (boots currently unavailable)
Stlth    ++........             (no amulet)
HPRegen  0.13/turn              (no ring)
MPRegen  0.11/turn              (no ring)

@: appendage (expiring), corroded, repel missiles
A: unfitting armour, talons 3, cold-blooded, AC +5
a: End Transformation


You were on level 3 of the Dungeon.
You were hungry.
You had grown temporary talons.
You visited 1 branch of the dungeon, and saw 3 of its levels.

You collected 84 gold pieces.

Inventory:

Missiles
 a - 10 arrows
Armour
 k - a scarf of repulsion (worn)
Scrolls
 b - 3 scrolls of teleportation
 d - 2 scrolls of identify
 e - a scroll of random uselessness {unknown}
 g - a scroll of remove curse {unknown}
 i - a scroll of blinking {unknown}
 j - 2 scrolls of immolation {unknown}
Potions
 f - a potion of brilliance
 h - a potion of mutation
Comestibles
 c - 8 rations


   Skills:
 - Level 1.1 Fighting
 - Level 1.7 Dodging
 + Level 1.1 Stealth
 + Level 5.6 Unarmed Combat
 - Level 2.0 Spellcasting
 - Level 2.0 Transmutations


You had 5 spell levels left.
You knew the following spells:

 Your Spells              Type           Power        Failure   Level  Hunger
a - Beastly Appendage     Tmut           #.....       11%         1    ##.....
b - Sticks to Snakes      Tmut           #.......     16%         2    ###....

Your spell library contained the following spells:

 Spells                   Type           Power        Failure   Level  Hunger
 Spider Form              Tmut/Pois      #.........   43%         3    ####...
 Ice Form                 Ice/Tmut       #.......     83%         4    #####..
 Blade Hands              Tmut           #.........   96%         5    ######.


Dungeon Overview and Level Annotations

Branches:
Dungeon (3/15)

Altars:
Xom
Zin


Innate Abilities, Weirdness & Mutations

Your plain brown scales are hard. (AC +5)
You cannot fit into any form of body armour.
You are cold-blooded and may be slowed by cold attacks.
You have claws for feet.


Message History

HP restored.
The gnoll shouts!
The gnoll is too close now for your liking.
Health restored: 40
Casting: Beastly Appendage (safe; 11% risk of failure)
Confirm with . or Enter, or press ? or * to list all spells.
Your feet morph into talons.
The gnoll barely misses you.
You now have 7/8 mp.
You hit the gnoll but do no damage.
The gnoll zaps a wand.
The bolt of acid hits you! The acid corrodes you!
You are splashed with acid!
The acid burns!
You take 27 damage, and have 13/40 hp.
MASSIVE DAMAGE!!
You hit the gnoll.
Your tail-slap misses the gnoll.
The gnoll is moderately wounded.
The gnoll hits you with a +0 halberd!
* * * LOW HITPOINT WARNING * * *
You take 9 damage, and have 4/40 hp.
MASSIVE DAMAGE!!
Your transformation is almost over.
The gnoll zaps a wand.
The bolt of acid hits you!
You die...

.# ##..###.#. ##
#####..## #.#. #######
#.....## #.#.
#####....... #.##### #.#.
....<.#### #.# #.#.
.........# ##.# #.#.
#####..#..### ####..#
#... ###....#
.....##....## ##..
#...#..# ###...@####
....# ........
..........## ##....
(###.#############g......
...... .###.#
##.....#.#### #....
.....# ##........# ...
####.#######.........###
######.
##......................
.......
...........#......>..##
######
.......=####.........# #


You could see a gnoll.

Vanquished Creatures
  5 gnolls
  3 adders (D:2)
  2 worms (D:2)
  A dart slug (D:1)
  2 leopard geckos
  An orc (D:3)
  5 giant cockroaches
  6 hobgoblins
  A ball python (D:2)
  11 bats
  5 goblins
  13 kobolds
  12 rats
67 creatures vanquished.

Notes
Turn   | Place    | Note
-------+----------+-------------------------------------------
     0 | D:1      | tsujin the Draconian Transmuter began the quest for the
                  | Orb.
     0 | D:1      | Reached XP level 1. HP: 16/16 MP: 3/3
   321 | D:1      | Reached XP level 2. HP: 14/23 MP: 3/5
   581 | D:1      | Reached skill level 4 in Unarmed Combat
  1117 | D:1      | Reached XP level 3. HP: 28/28 MP: 6/6
  1297 | D:1      | Learned a level 2 spell: Sticks to Snakes
  2071 | D:2      | Reached XP level 4. HP: 14/35 MP: 5/7
  2274 | D:2      | Found a faded altar of an unknown god.
  2310 | D:2      | Noticed an angel
  2311 | D:2      | Found a shimmering altar of Xom.
  2313 | D:2      | Found a glowing silver altar of Zin.
  2510 | D:2      | Reached skill level 5 in Unarmed Combat
  3106 | D:3      | Reached skill level 1 in Stealth
  3281 | D:3      | Reached XP level 5. HP: 39/40 MP: 6/8
  3398 | D:3      | Killed from afar by a gnoll

Vault maps used:
D:1:      ncdulo_wetmaze, serial_bayou_pond_d, minmay_distorted
D:2:      grunt_temple_overflow_order_and_chaos_1,
          chequers_ecumenical_altar_simple_redux
D:3:      first_ration

Skill      XL: |  1  2  3  4 |
---------------+-------------+-----
Unarmed Combat | 4 5 |  5.6
Stealth        | 1 |  1.1
Fighting       | |  1.1
Dodging        | |  1.7
Spellcasting   | |  2.0
Transmutations | |  2.0

Action                   |  1- 3 |  4- 6 || total
-------------------------+-------+-------++-------
Melee: Unarmed           |   155 |    98 ||   253
       Kick              |     7 |     9 ||    16
       Tailslap          |    15 |     8 ||    23
       Headbutt          |     4 |     3 ||     7
       Punch             |     1 |     2 ||     3
 Cast: Beastly Appendage |    11 |    10 ||    21
       Sticks to Snakes  |     1 |     1 ||     2
  Use: Potion            |     1 |       ||     1
       Scroll            |       |     3 ||     3
 Stab: Distracted        |     2 |       ||     2
       Sleeping          |       |     2 ||     2
  Eat: Chunk             |     4 |     4 ||     8
Armor: Skin              |    44 |    31 ||    75
Dodge: Dodged            |   102 |    65 ||   167

Table legend:
 A = Non-vault XP
 B = Vault XP
 C = Vault XP percentage of total XP
 D = Non-vault monster count
 E = Vault monster count
 F = Vault count percentage of total count
                 A         B        C        D         E       F
            +---------+---------+-------+---------+---------+-------
      Total |     202 |       6 |   2.9 |      63 |       4 |   6.0
            +---------+---------+-------+---------+---------+-------
        D:1 |      51 |       6 |  10.5 |      27 |       4 |  12.9
        D:2 |     112 |       0 |   0.0 |      22 |       0 |   0.0
        D:3 |      39 |       0 |   0.0 |      14 |       0 |   0.0
            +---------+---------+-------+---------+---------+-------
